 Dungeon Crawl Stone Soup version 0.16-a0-3049-g2a447e9 (webtiles) character file.

3460 MackTheKnife the Unseen (level 9, -8/41 HPs)
             Began as a Spriggan Assassin on Dec 9, 2014.
             Was an Elder of Ashenzari.
             Mangled by a spectral five-headed hydra (13 damage)
             ... on level 5 of the Swamp.
             The game lasted 00:28:45 (7146 turns).

MackTheKnife the Unseen (Spriggan Assassin)         Turns: 7146, Time: 00:28:47

Health: -8/41      AC:  9    Str:  7    XL:     9   Next: 78%
Magic:  27/27      EV: 18    Int: 13    God:    Ashenzari [****..]
Gold:   284        SH:  0    Dex: 20    Spells: 0 memorised, 8 levels left

rFire  . . .     SeeInvis +     a - +4 dagger (protect) (curse)
rCold  . . .     Clarity  +     c - +0 robe (curse)
rNeg   . . .     SustAb   .     (shield restricted)
rPois  .         Gourm    .     (helmet restricted)
rElec  .         Spirit   .     d - +1 cloak (curse)
rCorr  .         Warding  .     (gloves unavailable)
rMut   .         Stasis   .     (boots unavailable)
MR     +....                    (no amulet)
Stlth  +++++++++.               b - ring of stealth (curse)
                                s - ring of magical power (curse)

@: very slightly contaminated, drained, very quick, somewhat resistant to
hostile enchantments, incredibly stealthy
A: unfitting armour, see invisible, herbivore 3, speed 3, slow metabolism 2
a: Scrying, Renounce Religion


You were on level 5 of the Swamp.
You worshipped Ashenzari.
Ashenzari was greatly pleased with you.
You were full.

You visited 3 branches of the dungeon, and saw 22 of its levels.

You collected 479 gold pieces.
You spent 195 gold pieces at shops.


Innate Abilities, Weirdness & Mutations

You are tiny and cannot use many weapons and most armour.
You have supernaturally acute eyesight.
You are a herbivore.
You cover ground extremely quickly.
You need consume almost no food.


   Skills:
 - Level 1.5(1.2) Fighting
 - Level 2.1(4.4) Short Blades
 - Level 2.1(1.8) Throwing
 - Level 1.5(2.8) Dodging
 + Level 20.0(21.1) Stealth


You had 8 spell levels left.
You didn't know any spells.

Inventory:

Hand weapons
 a - a cursed +4 dagger of protection (weapon)
Armour
 c - a cursed +0 robe (worn)
 d - a cursed +1 cloak (worn)
Magical staves
 u - a cursed staff of conjuration
Jewellery
 b - a cursed ring of stealth (right hand)
 s - a cursed ring of magical power (left hand)
Magical devices
 j - a wand of draining (2)
 y - a wand of digging (10)
 D - a wand of polymorph (18)
Scrolls
 e - 4 scrolls of curse armour
 o - a scroll of teleportation
 r - 3 scrolls of amnesia
 t - 5 scrolls of remove curse
 w - 2 scrolls of curse weapon
 x - a scroll of fear
 A - a scroll of magic mapping
 F - 2 scrolls of recharging
Potions
 h - 2 potions of magic
 i - a potion of invisibility {unknown}
 k - 2 potions of brilliance
 l - 2 potions of flight
 m - a potion of degeneration {unknown}
 n - a potion of restore abilities
 v - 3 potions of cancellation
 z - 9 potions of curing
 B - a potion of agility
 C - 2 potions of heal wounds
 G - 2 potions of might
Books
 f - a Grand Grimoire {highlevel, unknown}

   This book is beyond your current level of understanding.

   Spells                             Type                      Level
   a - Aura of Abjuration             Summoning                    6
   b - Forceful Dismissal             Summoning                    6
   c - Summon Greater Demon           Summoning                    7
   d - Malign Gateway                 Summoning/Translocation      7
   e - Summon Horrible Things         Summoning                    8
Comestibles
 g - 7 bread rations
 q - 15 fruits
 E - a royal jelly ..≈≈.♣≈ ≈≈ ***≈ ..,♣♣♣ , ≈≈≈ * ...* , ≈≈≈ * F , ,≈ * *, ≈ , ≈ * * * * ≈ * * ## ,≈ ≈ ≈* ##.### , #ZZZ.### ,, ≈ ≈, #ZZiZZ.#*

,≈ ,, ,
###ZZZb.###
, ###Z..Z.#
≈≈≈*,,, ,
**#Z.Z.##
*, ≈ ,
##b≈Z## * ≈
*** , ,*
#≈yyZ## * *
, ≈ ##.≈≈.#
≈ * *,**
#≈##...≈Z≈#
* ,,
##.....≈≈##


You could see a spectral eight-headed hydra, a spectral seven-headed hydra, a
spectral five-headed hydra, 2 spectral four-headed hydras, a spectral swamp
drake, 2 spectral swamp dragons, 2 ravens, a vampire mosquito, an eight-headed
hydra zombie, a six-headed hydra zombie, a five-headed hydra zombie and 4 swamp
dragon zombies.


Message History

Blink to where?
As you read the scroll of blinking, it crumbles to dust. 3 spectral things and 2 zombies come into view.
The spectral four-headed hydra closely misses you. x2
The spectral four-headed hydra completely misses you.
The spectral four-headed hydra misses you.
The spectral swamp dragon misses you.
The spectral swamp dragon closely misses you.
The spectral swamp dragon tramples you but does no damage.
The spectral swamp drake closely misses you.
The spectral eight-headed hydra closely misses you.
The spectral eight-headed hydra misses you.
The spectral eight-headed hydra bites you. x2
* * * LOW HITPOINT WARNING * * *
The spectral eight-headed hydra barely misses you.
The spectral eight-headed hydra bites you!
* * * LOW HITPOINT WARNING * * *
You feel drained.
* * * LOW HITPOINT WARNING * * *
The spectral eight-headed hydra closely misses you.
The spectral eight-headed hydra misses you.
The swamp dragon zombie barely misses you.
The swamp dragon zombie claws you but does no damage.
The swamp dragon zombie closely misses you.
The spectral five-headed hydra bites you but does no damage.
The spectral five-headed hydra completely misses you.
The spectral five-headed hydra bites you.
* * * LOW HITPOINT WARNING * * *
The spectral five-headed hydra bites you!
You die...

Action                   |  1- 3 |  4- 6 |  7- 9 || total
-------------------------+-------+-------+-------++-------
Melee: Dagger            |    46 |   192 |   150 ||   388
 Fire: Blowgun           |    12 |       |       ||    12
Evoke: Wand              |       |     2 |     9 ||    11
  Use: Scroll            |     2 |    23 |    20 ||    45
       Potion            |       |       |     6 ||     6
 Stab: Sleeping          |     8 |    30 |    18 ||    56
  Eat: Fruit             |       |     1 |       ||     1
       Pizza             |       |       |     1 ||     1
       Bread ration      |       |       |     1 ||     1

Vault maps used:
D:1:      tarquinn_simple_flora_water_f, serial_aquarium,
          aquarium_bridge_square, aquarium_bridge_straight, aquarium_window_2,
          aquarium_window_corner, aquarium_window_1, aquarium_window_corner,
          aquarium_view_2e, aquarium_view_2b, aquarium_balcony_5b,
          aquarium_pool_S, minivault_19, minmay_misc_feat_secret_circle,
          minivault_25
D:2:      uniq_iyjb
D:3:      ashenzari_altar_1, grunt_ministairs_5, minivault_4, roderic_batcave,
          item_on_display_a
D:4:      led_sif_book, minmay_temple_entry_junction2, nrook_mini_vaults,
          okawaru_gym_becter
D:5:      kennysheep_mini_moat, first_bread
D:6:      old_standard_altar, serial_shops, shop, shop_fountains,
          mrwooster_statue_mirror, kennysheep_diamond, water_maze_lemuel,
          uniq_natasha
D:7:      basic_altar
D:8:      minmay_mini_ossuary
D:9:      overflow_temple_1_default, nicolae_overflow_hidden_temple,
          fiery_altar_vehumet, minmay_orc_entry_temple_small, hangedman_ranch
D:10:     minmay_evil_grid
D:11:     due_lair_maze_entry_diamond, uniq_erolcha
Lair:1:   ldierk_geyser, uniq_erica
Lair:3:   uniq_rupert
Lair:4:   nicolae_spider_entry_non_spiders
Lair:5:   minmay_swamp_entry_wisps, columned_hall_lemuel, uniq_snorg
Lair:6:   dpeg_stationary_puzzle
Swamp:1:  serial_swamp_ruin, evilmike_swamp_ruin_rubble_1,
          evilmike_swamp_ruin_house_5, uniq_agnes
Swamp:2:  hangedman_swamp_lotus, swamp_pool3, nicolae_swamp_hydra_murder_den,
          infiniplex_staircase_pool_2
Swamp:3:  nicolae_swamp_fairy_circle
Swamp:4:  evilmike_swamp_ruin_house_4
Swamp:5:  swamp_pestilence, swamp_pool1, grunt_witch_cave, uniq_nikola

Notes
Turn   | Place    | Note
--------------------------------------------------------------
     0 | D:1      | MackTheKnife, the Spriggan Assassin, began the quest for the Orb.
     0 | D:1      | Reached XP level 1. HP: 10/10 MP: 2/2
    72 | D:1      | Reached skill level 6 in Stealth
   309 | D:1      | Reached XP level 2. HP: 14/14 MP: 4/4
   651 | D:2      | Noticed Ijyb
   680 | D:2      | Reached skill level 7 in Stealth
   704 | D:2      | Killed Ijyb
   704 | D:2      | Reached XP level 3. HP: 18/18 MP: 6/6
   840 | D:2      | Reached skill level 8 in Stealth
  1046 | D:2      | Reached XP level 4. HP: 22/22 MP: 8/8
  1382 | D:3      | Found a shattered altar of Ashenzari.
  1491 | D:3      | Became a worshipper of Ashenzari the Shackled
  1677 | D:3      | Reached skill level 9 in Stealth
  1993 | D:5      | Entered Level 5 of the Dungeon
  2001 | D:5      | Reached XP level 5. HP: 25/25 MP: 10/10
  2051 | D:5      | Noticed an ice beast
  2064 | D:5      | Found a sacrificial altar of Ru.
  2106 | D:4      | Noticed a centaur
  2123 | D:4      | Found a staircase to the Ecumenical Temple.
  2310 | D:4      | Found a deep blue altar of Sif Muna.
  2385 | D:6      | Found Uleti's Distillery.
  2391 | D:6      | Reached skill level 10 in Stealth
  2405 | D:6      | Bought 2 potions of heal wounds for 150 gold pieces
  2405 | D:6      | Bought a potion of curing for 45 gold pieces
  2405 | D:6      | Found Xueff's Antique Armour Shoppe.
  2779 | D:7      | Noticed a hungry ghost
  2890 | D:8      | Identified the +2 hand axe "Gaash" {chop, +Fly}
  2938 | D:8      | Reached skill level 11 in Stealth
  2938 | D:8      | Reached XP level 6. HP: 14/30 MP: 12/12
  3314 | D:7      | Acquired Ashenzari's first power
  3670 | D:9      | Noticed a yak
  3673 | D:9      | Found a staircase to the Orcish Mines.
  3673 | D:9      | Noticed a yak
  3673 | D:9      | Noticed a yak
  3675 | D:9      | Noticed a yak
  3675 | D:9      | Noticed a yak
  3798 | D:9      | Reached skill level 12 in Stealth
  3849 | D:9      | Found a radiant altar of Vehumet.
  3953 | D:9      | Reached XP level 7. HP: 31/33 MP: 14/14
  3995 | D:9      | Found a shadowy altar of Dithmenos.
  4128 | D:10     | Entered Level 10 of the Dungeon
  4391 | D:10     | Reached skill level 13 in Stealth
  4471 | D:10     | Noticed a komodo dragon
  4521 | D:10     | Noticed a wraith
  4567 | D:10     | Noticed a troll
  4576 | D:10     | Killed a troll
  4576 | D:10     | Reached skill level 14 in Stealth
  4594 | D:10     | Noticed a hill giant
  4596 | D:10     | Killed a hill giant
  4596 | D:10     | Reached skill level 15 in Stealth
  4596 | D:10     | Reached XP level 8. HP: 37/37 MP: 16/16
  4605 | D:10     | Reached skill level 16 in Stealth
  4732 | D:11     | Noticed a two-headed ogre
  4737 | D:11     | Killed a two-headed ogre
  4755 | D:11     | Acquired Ashenzari's second power
  4759 | D:11     | Noticed a troll
  4782 | D:11     | Found a staircase to the Lair.
  4797 | D:11     | Identified the +0 hunting sling "Murmur" {venom, rN+}
  4867 | D:11     | Reached skill level 17 in Stealth
  5044 | D:11     | Noticed Erolcha
  5061 | Lair:1   | Entered Level 1 of the Lair of Beasts
  5129 | Lair:2   | Gained mutation: Your skin changes colour to match your surroundings (Stealth). [potion of mutation]
  5129 | Lair:2   | Gained mutation: You are clumsy. (Dex -2) [potion of mutation]
  5129 | Lair:2   | Gained mutation: Space occasionally distorts in your vicinity. [potion of mutation]
  5130 | Lair:2   | Lost mutation: You are clumsy. (Dex -2) [potion of cure mutation]
  5130 | Lair:2   | Lost mutation: Space occasionally distorts in your vicinity. [potion of cure mutation]
  5130 | Lair:2   | Lost mutation: Your skin changes colour to match your surroundings (Stealth). [potion of cure mutation]
  5182 | Lair:2   | Noticed a six-headed hydra
  5251 | Lair:1   | Reached XP level 9. HP: 41/41 MP: 18/18
  5311 | Lair:1   | Noticed Erica
  5311 | Lair:1   | Noticed a black mamba
  5589 | Lair:2   | Noticed a spiny frog
  5874 | Lair:3   | Reached skill level 18 in Stealth
  5896 | Lair:3   | Noticed a komodo dragon
  5999 | Lair:3   | Noticed a spiny frog
  6019 | Lair:3   | Acquired Ashenzari's third power
  6020 | Lair:3   | Identified the cursed +2 chain mail of Parts Unknown {rF+ MR+}
  6404 | Lair:5   | Noticed a black mamba
  6434 | Lair:5   | Noticed a komodo dragon
  6456 | Lair:6   | Noticed a death yak
  6473 | Lair:6   | Noticed a lindwurm
  6481 | Lair:6   | Killed a lindwurm
  6481 | Lair:6   | Reached skill level 19 in Stealth
  6514 | Lair:6   | Noticed an oklob plant
  6663 | Lair:6   | Noticed a spiny frog
  6690 | Lair:6   | Noticed a death yak
  6691 | Lair:6   | Noticed a death yak
  6692 | Lair:6   | Noticed a death yak
  6729 | Lair:5   | Found a staircase to the Swamp.
  6738 | Swamp:1  | Entered Level 1 of the Swamp
  6766 | Swamp:1  | Noticed a spiny frog
  6774 | Swamp:2  | Noticed a spriggan rider
  6778 | Swamp:1  | Killed a spiny frog
  6828 | Swamp:1  | Noticed a spiny frog
  6830 | Swamp:1  | Noticed a red wasp
  6873 | Swamp:1  | Noticed Agnes
  6963 | Swamp:2  | Noticed a swamp dragon
  6980 | Swamp:2  | Identified the cursed -2 robe "Meahueh" {MR+ Dex+3}
  7098 | Swamp:2  | Reached skill level 20 in Stealth
  7110 | Swamp:4  | Noticed a spriggan druid
  7120 | Swamp:4  | Noticed a spiny frog
  7129 | Swamp:4  | Noticed a spriggan druid
  7139 | Swamp:5  | Entered Level 5 of the Swamp
  7145 | Swamp:5  | Noticed a spectral five-headed hydra
  7145 | Swamp:5  | Noticed a spectral seven-headed hydra
  7145 | Swamp:5  | Noticed a spectral four-headed hydra
  7146 | Swamp:5  | Noticed a spectral four-headed hydra
  7146 | Swamp:5  | Noticed a spectral eight-headed hydra
  7146 | Swamp:5  | Mangled by a spectral five-headed hydra

Vanquished Creatures
  A lindwurm (Lair:6)
  A hill giant (D:10)
  A spiny frog (Swamp:1)
  A two-headed ogre (D:11)
  A troll (D:10)
  A basilisk (Lair:3)
  A trapdoor spider (D:11)
  A wolf (Lair:2)
  A water moccasin (Lair:6)
  A swamp drake (Swamp:2)
  2 porcupines
  An eye of draining (D:10)
  3 giant frogs
  A killer bee (D:11)
  3 crimson imps
  2 giant frog zombies
  4 hounds
  3 iguanas
  2 giant frog skeletons
  A killer bee zombie (D:9)
  Ijyb (D:2)
  A mummy (D:8)
  10 adders
  A river rat (D:11)
  9 orcs
  A ball python (D:3)
  A bat skeleton (D:4)
  3 giant cockroaches
  3 goblins (D:2)
  9 hobgoblins
  2 jackals (D:4)
  4 quokkas
  10 bats
  6 giant geckos
  3 giant newts
  A hobgoblin zombie (D:8)
  6 kobolds
  A kobold zombie (D:8)
  2 orc zombies (D:8)
  11 rats
  A fungus (D:11)
118 creatures vanquished.

Vanquished Creatures (collateral kills)
  A centaur skeleton (D:9)
1 creature vanquished.

Vanquished Creatures (others)
  A bat (D:9)
  A giant spore (D:9)
  4 fungi
  2 plants
8 creatures vanquished.

Grand Total: 127 creatures vanquished
